 Dungeon Crawl Stone Soup version 0.27-a0-74-gebd156f8b4 (webtiles) character file.

Game seed: 12673787185911758470

12721 thedisplayname the Protected (level 12, -20/100 HPs)
             Began as a Human Fighter on Jan 11, 2021.
             Was an Initiate of Uskayaw.
             Hit by a large rock thrown by a cyclops (27 damage)
             ... on level 11 of the Dungeon.
             The game lasted 00:34:23 (16010 turns).

thedisplayname the Protected (Human Fighter)       Turns: 16010, Time: 00:34:24

Health: -20/100    AC: 16    Str: 21    XL:     12   Next: 23%
Magic:  10/22      EV: 10    Int:  9    God:    Uskayaw [......]
Gold:   252        SH:  0    Dex: 13    Spells: 11/11 levels left

rFire    x . .     SeeInvis .     - Unarmed
rCold    + . .     Faith    .   (no shield)
rNeg     . . .     Spirit   .   z - +3 ring mail of Depression {*Contam Regen+ Stlth+}
rPois    .         Reflect  .   (no helmet)
rElec    .         Harm     .   (no cloak)
rCorr    .         Rampage  .   g - +2 pair of gloves
Will     .....                  l - +1 pair of boots
Stlth    ++........             x - amulet of the acrobat
HPRegen  0.66/turn              f - ring of magical power
MPRegen  0.18/turn              u - ring of ice

@: lethally poisoned (-20 -> -23)
A: hooves 1, deterioration 1, high mp 1
a: Renounce Religion


You were on level 11 of the Dungeon.
You worshipped Uskayaw.
Uskayaw was noncommittal.
You visited 1 branch of the dungeon, and saw 11 of its levels.
You also visited: Ossuary.

You collected 573 gold pieces.
You spent 321 gold pieces at shops.

Inventory:

Hand Weapons
 A - the +8 war axe of Detafax {drain, *Corrode +Fly rElec Int-5 Stlth+}
   (You found it on level 8 of the Dungeon)

   A truly terrible weapon, it drains the life of those it strikes.
   It affects your intelligence (-5).
   It insulates you from electricity.
   It lets you fly.
   It may corrode you when you take damage.
   It makes you more stealthy.
Armour
 a - a +0 scale mail
 b - a +0 kite shield
 g - a +2 pair of gloves (worn)
 l - a +1 pair of boots (worn)
 v - the +2 ring mail "Kitei" {-Cast Int+7}
   (You bought it in a shop on level 6 of the Dungeon)

   It affects your intelligence (+7).
   It prevents spellcasting.
 z - the +3 ring mail of Depression (worn) {*Contam Regen+ Stlth+}
   (You found it on level 7 of the Dungeon)

   It causes magical contamination when unequipped.
   It increases your rate of regeneration.
   It makes you more stealthy.
Magical Staves
 y - an uncursed staff of earth
Jewellery
 f - a ring of magical power (left hand)
 m - an uncursed ring of protection from cold
 s - an uncursed ring of protection from cold
 u - a ring of ice (right hand)
 x - an amulet of the acrobat (around neck)
 C - an uncursed ring of flight {unknown}
 F - an uncursed ring of ice
 H - an uncursed amulet of faith
Wands
 c - a wand of iceblast (7)
 i - a wand of enslavement (8)
 p - a wand of flame (16)
 t - a wand of acid (19)
 G - a wand of polymorph (4)
Scrolls
 j - 3 scrolls of fog
 k - 5 scrolls of teleportation
 n - 3 scrolls of immolation
 o - 6 scrolls of remove curse
 r - 3 scrolls of blinking
 B - a scroll of magic mapping
 E - 3 scrolls of identify
Potions
 d - 7 potions of curing
 e - 2 potions of cancellation
 h - 5 potions of brilliance
 q - 2 potions of haste
 w - 2 potions of might
 D - 2 potions of flight


   Skills:
 + Level 11.2 Fighting
 + Level 11.2 Armour
 - Level 3.0 Shields
 + Level 11.1 Unarmed Combat


You had 11 spell levels left.
You didn't know any spells.
Your spell library contained the following spells:

 Spells                   Type           Power        Failure   Level
 Animate Skeleton         Necr           0%           52%         1
 Corona                   Hex            0%           52%         1
 Foxfire                  Conj/Fire      0%           52%         1
 Magic Dart               Conj           0%           52%         1
 Pain                     Necr           0%           52%         1
 Sandblast                Erth           0%           52%         1
 Blink                    Tloc           N/A          65%         2
 Call Imp                 Summ           0%           65%         2
 Passwall                 Tmut/Erth      0%           65%         2
 Slow                     Hex            0%           65%         2
 Conjure Flame            Conj/Fire      0%           87%         3
 Inner Flame              Hex/Fire       0%           87%         3
 Mephitic Cloud           Conj/Pois/Air  0%           87%         3
 Portal Projectile        Hex/Tloc       0%           87%         3
 Stone Arrow              Conj/Erth      0%           87%         3
 Vampiric Draining        Necr           0%           87%         3
 Animate Dead             Necr           0%           99%         4
 Cause Fear               Hex            0%           99%         4
 Leda's Liquefaction      Hex/Erth       0%           99%         4
 Petrify                  Tmut/Erth      0%           99%         4
 Sticky Flame             Conj/Fire      0%           99%         4
 Agony                    Necr           0%           100%        5
 Bolt of Magma            Conj/Fire/Erth 0%           100%        5
 Fireball                 Conj/Fire      0%           100%        5
 Iskenderun's Battlesphe  Conj           0%           100%        5
 Lee's Rapid Deconstruct  Erth           0%           100%        5
 Iron Shot                Conj/Erth      0%           100%        6
 Orb of Destruction       Conj           0%           100%        7
 Spellforged Servitor     Conj/Summ      0%           100%        7


Dungeon Overview and Level Annotations

Branches:
Dungeon (11/15)            Temple (0/1) D:7         Ossuary (visited)
   Lair: D:8-11         Orc: D:9-12

Altars:
Cheibriados
Dithmenos
Elyvilon
Makhleb
Ru
Uskayaw
Vehumet
Wu Jian
Zin
The Shining One

Shops:
D:6 ?![(?   D:7 *   D:8 =

Annotations:
D:9 exclusion: statue


Innate Abilities, Weirdness & Mutations

You have large cloven feet.
Your body sometimes deteriorates upon taking damage.
You have an increased reservoir of magic. (+10% MP)


Message History

You closely miss the kobold.
The kobold is severely wounded.
You feel sick. The kobold hits you but does no damage.
The big kobold hits you but does no damage.
The kobold closely misses you.
A kobold comes into view. It is wielding a +0 club.
You closely miss the kobold.
The kobold is severely wounded.
You feel sick.
The kobold hits you but does no damage. x2
The big kobold hits you but does no damage.
You hit the kobold.
You kill the kobold!
You feel sick.
The cyclops throws a large rock.
The large rock hits you!!
* * * LOW HITPOINT WARNING * * *
The big kobold hits you but does no damage.
The kobold closely misses you.
You barely miss the kobold.
You feel sick.
A kobold comes into view.
It is wielding a +0 short sword of venom.
The cyclops throws a large rock.
The large rock hits you!!
You die... ..# ..# .y# yy#

..# ####..##
####@)CK.K##..
#..†KK<....K..
#........######.
....(......#
...........#
.##.........#
#...........#
#............#
#...........##


You could see a cyclops, a big kobold and 4 kobolds.

Vanquished Creatures
  3 two-headed ogres
  An unseen horror (D:10)
  A manticore (D:7)
  A deep elf mage (D:9)
  Maggie (D:9)
  2 trolls (D:9)
  Grinder (D:4)
  18 yaks
  A water moccasin (D:5)
  6 ice beasts
  A black bear (D:6)
  4 sky beasts
  A necrophage (D:5)
  3 orc warriors
  A phantom (D:8)
  8 ogres
  4 centaurs
  2 elf zombies (Ossuary)
  3 big kobolds
  Blork the orc (D:5)
  A gnoll sergeant (D:10)
  3 bullfrogs
  2 scorpions
  4 wights (D:6)
  11 killer bees
  3 howler monkeys
  A quasit (D:8)
  A bullfrog zombie (D:6)
  5 human zombies (Ossuary)
  6 centaur zombies
  4 orc priests
  3 bullfrog skeletons
  2 hounds
  9 orc wizards
  2 centaur skeletons
  7 iguanas
  Natasha (thrice) (D:2)
  7 worker ants
  4 mummies
  A howler monkey zombie (D:8)
  8 gnolls
  9 adders
  3 shadow imps
  A white imp (D:9)
  5 ufetubi
  An adder zombie (D:9)
  4 worms
  3 dart slugs
  3 leopard geckos
  32 orcs
  A ball python (D:5)
  3 giant cockroaches
  10 hobgoblins
  11 jackals
  3 quokkas
  5 bats
  6 frilled lizards
  6 goblins
  A hobgoblin zombie (D:5)
  A jackal skeleton (D:7)
  25 kobolds
  A kobold zombie (D:5)
  2 quokka skeletons
  4 rats
290 creatures vanquished.

Notes
Turn   | Place    | Note
-------+----------+-------------------------------------------
     0 | D:1      | thedisplayname the Human Fighter began the quest for the
                  | Orb.
     0 | D:1      | Reached XP level 1. HP: 18/18 MP: 1/1
    72 | D:1      | Reached XP level 2. HP: 21/24 MP: 2/2
   598 | D:1      | Reached XP level 3. HP: 29/29 MP: 3/3
  1454 | D:2      | Noticed Natasha
  1468 | D:2      | Killed Natasha
  1469 | D:2      | Reached XP level 4. HP: 16/36 MP: 4/4
  1609 | D:2      | Noticed Natasha
  1625 | D:2      | Killed Natasha
  1631 | D:2      | Noticed Natasha
  1643 | D:2      | Killed Natasha
  1644 | D:2      | Reached XP level 5. HP: 28/42 MP: 5/5
  3801 | D:3      | Reached XP level 6. HP: 35/48 MP: 6/6
  4054 | D:4      | Found a shadowy altar of Dithmenos.
  4565 | D:4      | Noticed Grinder
  4570 | D:4      | Paralysed by Grinder for 5 turns
  4581 | D:4      | Paralysed by Grinder for 3 turns
  4599 | D:4      | Killed Grinder
  4600 | D:4      | Reached skill level 5 in Fighting
  4600 | D:4      | Reached skill level 5 in Armour
  4600 | D:4      | Reached XP level 7. HP: 17/56 MP: 7/7
  5511 | D:4      | Reached skill level 5 in Unarmed Combat
  5896 | D:4      | Gained mutation: Scrolls take you a little longer to read.
                  | [potion of mutation]
  5896 | D:4      | Gained mutation: Your spells are a little harder to cast,
                  | but a little more powerful. [potion of mutation]
  5983 | D:5      | Entered Level 5 of the Dungeon
  5994 | D:5      | Reached XP level 8. HP: 56/63 MP: 8/8
  6090 | D:5      | Noticed Blork the orc
  6099 | D:5      | Killed Blork the orc
  6186 | D:5      | HP: 1/64 [worker ant (5)]
  6375 | D:5      | Found a snail-covered altar of Cheibriados.
  6436 | D:5      | Found a hide-covered altar of Uskayaw.
  6442 | D:5      | Became a worshipper of Uskayaw the Reveller
  6451 | D:5      | Reached * piety under Uskayaw
  6457 | D:5      | Reached ** piety under Uskayaw
  6718 | D:5      | Found a sand-covered staircase.
  6725 | Ossuary  | Entered an ossuary
  6831 | Ossuary  | Reached *** piety under Uskayaw
  6841 | Ossuary  | Lost mutation: Scrolls take you a little longer to read.
                  | [potion of mutation]
  6841 | Ossuary  | Lost mutation: Your spells are a little harder to cast, but
                  | a little more powerful. [potion of mutation]
  6841 | Ossuary  | Gained mutation: Your body sometimes deteriorates upon
                  | taking damage. [potion of mutation]
  6841 | Ossuary  | Gained mutation: You tend to lose your temper in combat.
                  | [potion of mutation]
  6841 | Ossuary  | Gained mutation: You are agile. (Dex +2) [potion of
                  | mutation]
  6841 | Ossuary  | Gained mutation: You are strong-willed. (Will+) [potion of
                  | mutation]
  6842 | Ossuary  | Lost mutation: You are agile. (Dex +2) [potion of mutation]
  6842 | Ossuary  | Lost mutation: Your body sometimes deteriorates upon taking
                  | damage. [potion of mutation]
  6842 | Ossuary  | Lost mutation: You are strong-willed. (Will+) [potion of
                  | mutation]
  6842 | Ossuary  | Gained mutation: Your flesh is cold resistant. (rC+)
                  | [potion of mutation]
  6842 | Ossuary  | Gained mutation: You are partially covered in icy blue
                  | scales. (AC +2) [potion of mutation]
  6842 | Ossuary  | Gained mutation: You have an increased reservoir of magic.
                  | (+10% MP) [potion of mutation]
  7091 | Ossuary  | Reached XP level 9. HP: 66/71 MP: 9/9
  7093 | Ossuary  | Reached **** piety under Uskayaw
  8390 | D:5      | Found a sacrificial altar of Ru.
  8691 | D:6      | Found Daumarhe's Antique Armour Emporium.
  8839 | D:6      | Found Umexket's Weapon Shop.
  8849 | D:6      | Found Yziphain's Magic Scroll Boutique.
  8903 | D:6      | Found Poas Tant's Magic Scroll Boutique.
  8923 | D:6      | Bought a steaming ring mail for 270 gold pieces
  8959 | D:6      | Identified the +2 ring mail "Kitei" {-Cast Int+7} (You
                  | bought it in a shop on level 6 of the Dungeon)
  9256 | D:6      | Reached XP level 10. HP: 58/80 MP: 11/11
  9360 | D:6      | Found a white marble altar of Elyvilon.
  9536 | D:6      | Found Fihekela's Distillery.
 10256 | D:7      | Noticed a manticore
 10522 | D:7      | Killed a manticore
 10726 | D:7      | Found a staircase to the Ecumenical Temple.
 10790 | D:7      | Got an amethyst-studded ring mail
 10791 | D:7      | Identified the +3 ring mail of Depression {*Contam Regen+
                  | Stlth+} (You found it on level 7 of the Dungeon)
 11071 | D:7      | Found a white marble altar of Elyvilon.
 11072 | D:7      | Found an ornate altar of the Wu Jian Council.
 11074 | D:7      | Found Opruhuf's Assorted Antiques.
 11419 | D:7      | Bought 2 fizzy ruby potions for 34 gold pieces
 11419 | D:7      | Bought a sedimented purple potion for 17 gold pieces
 11667 | D:8      | Found a glowing golden altar of the Shining One.
 12115 | D:8      | Found Hityurch's Jewellery Emporium.
 12275 | D:8      | Noticed a two-headed ogre
 12293 | D:8      | Killed a two-headed ogre
 12490 | D:8      | Got an encrusted war axe
 12491 | D:8      | Identified the +8 war axe of Detafax {drain, *Corrode +Fly
                  | rElec Int-5 Stlth+} (You found it on level 8 of the
                  | Dungeon)
 12561 | D:9      | Noticed Maggie
 12574 | D:9      | Killed Maggie
 12575 | D:9      | Reached XP level 11. HP: 86/89 MP: 12/12
 12956 | D:9      | Noticed a two-headed ogre
 12965 | D:9      | Killed a two-headed ogre
 12966 | D:9      | Reached skill level 10 in Fighting
 12966 | D:9      | Reached skill level 10 in Armour
 12976 | D:9      | Reached skill level 10 in Unarmed Combat
 12983 | D:9      | Reached ***** piety under Uskayaw
 13080 | D:9      | Noticed a cacodemon
 13088 | D:9      | Found a burning altar of Makhleb.
 13092 | D:9      | Found a glowing silver altar of Zin.
 13093 | D:9      | Noticed an angel
 13454 | D:9      | Noticed a deep elf mage
 13460 | D:9      | Killed a deep elf mage
 13807 | D:9      | Lost mutation: You tend to lose your temper in combat.
                  | [potion of mutation]
 13807 | D:9      | Lost mutation: You are partially covered in icy blue
                  | scales. (AC +2) [potion of mutation]
 13807 | D:9      | Lost mutation: Your flesh is cold resistant. (rC+) [potion
                  | of mutation]
 13807 | D:9      | Gained mutation: Your body sometimes deteriorates upon
                  | taking damage. [potion of mutation]
 13807 | D:9      | Gained mutation: You have large cloven feet. [potion of
                  | mutation]
 14093 | D:9      | Found a radiant altar of Vehumet.
 14329 | D:10     | Entered Level 10 of the Dungeon
 15266 | D:10     | Reached XP level 12. HP: 48/99 MP: 13/13
 15706 | D:10     | Killed an unseen horror
 15769 | D:10     | Noticed a two-headed ogre
 15787 | D:10     | Killed a two-headed ogre
 16010 | D:11     | Hit by a large rock thrown by a cyclops

Illustrated notes

Levels and vault maps discovered:
D:1:      evilmike_arrival_crescent, layout_basic, minmay_tree_intersection
D:2:      layout_loops_cross, wander_ebering_terrifying_dragon_lair,
          uniq_natasha
D:3:      layout_loops_corners
D:4:      minmay_clustersquares, layout_basic, grunt_dithmenos_smoke,
          uniq_grinder
D:5:      layout_basic, lemuel_round_altar, lemuel_doored_altar,
          kennysheep_little_box, nicolae_ossuary_entry_giza, uniq_blork_the_orc
D:6:      layout_loops_ring, serial_shops, nicolae_shop_waterfront,
          nicolae_shop_statue_plus, kennysheep_mini_moat, shop, shop,
          elyvilon_altar_3
D:7:      layout_basic, nicolae_overflow_hidden_temple,
          minmay_temple_entry_trees, serial_shops,
          nicolae_shop_overgrown_old_shop, kennysheep_cluttered_room
D:8:      layout_cave_pools, nicolae_tso_swordbearing_angel, serial_shops,
          nicolae_shop_waterfront, hangedman_minor_gate_pass
D:9:      layout_basic, grunt_temple_overflow_order_and_chaos_2, vehumet_statue,
          nicolae_zen_rock_garden, guppyfry_early_elven_hall, uniq_maggie
D:10:     layout_loops_corners
D:11:     layout_cave_pods, erik_lair_orcish_takeover, ebering_ghost_rock_garden

Skill      XL: |  1  2  3  4  5  6  7  8  9 10 11 12 |
---------------+-------------------------------------+-----
Unarmed Combat | 3 4 5 6 7 9 10 11 | 11.1
Fighting       | 4 5 6 8 9 10 11 | 11.2
Armour         | 4 5 6 8 9 10 11 | 11.2
Shields        | |  3.0

Action                   |  1- 3 |  4- 6 |  7- 9 | 10-12 || total
-------------------------+-------+-------+-------+-------++-------
Melee: Unarmed           |   126 |   223 |   449 |   622 ||  1420
       Punch             |       |     5 |     9 |    34 ||    48
Invok: Stomp             |       |       |     2 |     5 ||     7
       Line Pass         |       |       |     1 |     3 ||     4
Evoke: Wand              |       |       |       |     2 ||     2
  Use: Scroll            |     3 |     5 |     7 |    11 ||    26
       Potion            |       |     6 |     9 |     5 ||    20
 Stab: Paralysed         |       |       |     7 |    27 ||    34
       Sleeping          |       |       |       |     6 ||     6
Armor: Scale mail        |    71 |    86 |   175 |       ||   332
       Ring mail         |       |       |    27 |   359 ||   386
Dodge: Dodged            |    70 |    79 |   189 |   414 ||   752

Table legend: (Time is in decaauts)
 A = Elapsed time spent in this place.
 B = Non-inter-level travel time spent in this place.
 C = Inter-level travel time spent in this place.
 D = Time resting spent in this place.
 E = Time spent auto-exploring this place.
 F = Levels seen in this place.
 G = Mean time per level.
                   A        B        C        D        E       F      G
               +--------+--------+--------+--------+--------+-----+--------+
         Total |  15933 |  15582 |    351 |   4615 |   8200 |  12 | 1327.8 |
       Dungeon |  15092 |  14741 |    351 |   4062 |   8200 |  11 | 1372.0 |
       Ossuary |    841 |    841 |      0 |    553 |      0 |   1 |  841.0 |
               +--------+--------+--------+--------+--------+-----+--------+

Top non-repeatable levels by time:
     D:4: 2040 daAuts
     D:9: 1783 daAuts
     D:5: 1779 daAuts
     D:7: 1642 daAuts
    D:10: 1619 daAuts
     D:3: 1561 daAuts
     D:6: 1334 daAuts
     D:2: 1202 daAuts
     D:1: 1168 daAuts
     D:8: 936 daAuts
 Ossuary: 841 daAuts
    D:11: 23 daAuts
